Map: Lerilak Crest

Players

esdraelon - Winner!

  • Race: Zerg Zerg
  • League: Platinum

Javert

  • Race: Zerg Zerg
  • League: Platinum

VOD

Have the link to the VOD?

Description

Time

  • Played on: Aug. 20, 2015, 11:55 p.m.
  • Length: 10:03
Show
View Real Time Build Order
Export as new Build Order

esdraelon Zerg - Winner!

Build Orders: Pool First 

Get SALT Encoding   

  12  0:20  Extractor, Spawning Pool  
  10  0:24  Drone  
  11  0:29  Drone  
  12  0:39  Overlord  
  12  0:44  Drone  
  13  1:06  Queen  
  15  1:12  Zergling x4  
  17  1:19  Zergling x2  
  18  1:25  Metabolic Boost  
  18  1:30  Zergling x2  
  19  1:40  Zergling x2  
  20  1:50  Overlord  
  20  2:07  Zergling x2  
  21  2:13  Zergling x2  
  21  2:14  Zergling x4  
  24  2:30  Hatchery  
  23  2:37  Zergling x4  
  25  2:51  Zergling x2  
  25  2:52  Zergling x4  
  27  3:18  Drone x2  
  27  3:19  Drone  
  30  3:25  Overlord  
  29  3:37  Roach Warren  
  29  3:38  Drone  
  29  3:41  Queen  
  29  3:44  Drone  
  29  3:45  Drone  
  33  3:49  Drone  
  33  3:54  Drone  
  35  4:06  Drone x2  
  35  4:09  Overlord  
  37  4:35  Roach  
  37  4:36  Roach x4  
  46  4:43  Roach x2  
  50  4:49  Overlord  
  50  4:54  Overlord  
  50  4:57  Drone  
  54  5:07  Drone x3  
  54  5:08  Drone  
  55  5:14  Overlord  
  55  5:20  Overlord  
  55  5:25  Overlord  
  55  5:29  Drone  
  55  5:31  Drone  
  55  5:33  Drone  
  58  5:48  Drone, Extractor  
  58  5:49  Drone x4  
  62  5:53  Overlord  
  62  5:54  Overlord  
  62  6:01  Lair  
  62  6:11  Roach x2  
  64  6:12  Roach x2  
  64  6:15  Drone  
  71  6:21  Roach  
  73  6:26  Roach x2  
  73  6:27  Roach  
  73  6:29  Roach  
  73  6:32  Roach  
  83  6:35  Roach  
  85  6:47  Overlord x2  
  85  6:58  Glial Reconstitution  
  85  7:00  Roach x3  
  89  7:18  Roach x3  
  89  7:19  Roach  
  82  7:30  Roach x2  
  82  7:34  Zergling x4  
  82  7:35  Extractor, Zergling x6  
  90  7:41  Roach  
  92  7:49  Roach  
  94  7:53  Roach  
  94  7:57  Roach  
  82  8:14  Roach  
  82  8:15  Roach x5  
  83  8:38  Roach  
  83  8:39  Roach x5  
  85  8:53  Roach  
  85  8:54  Roach x2  
  87  9:08  Roach  
  87  9:09  Roach x5  
  97  9:21  Roach x2  
  91  9:26  Roach  
  91  9:35  Hatchery  
  84  9:42  Roach x2  
  84  9:43  Roach x4  
Show
View Real Time Build Order
Export as new Build Order

Javert Zerg 

Build Orders: Hatch First 

Get SALT Encoding   

  12  0:01  Drone  
  13  0:16  Overlord  
  13  0:19  Drone  
  14  0:24  Extractor  
  14  0:25  Extractor  
  14  0:26  Drone  
  13  0:29  Drone  
  16  0:39  Drone  
  17  0:57  Hatchery  
  17  1:00  Drone  
  17  1:02  Extractor  
  17  1:03  Drone  
  17  1:10  Drone  
  18  1:22  Spawning Pool  
  17  1:26  Drone  
  18  1:33  Drone  
  19  1:43  Drone  
  20  1:53  Drone  
  21  2:05  Overlord  
  21  2:12  Queen  
  21  2:13  Queen  
  21  2:14  Zergling x2  
  21  2:15  Zergling x2  
  27  2:20  Spine Crawler  
  27  2:22  Spine Crawler, Zergling x2  
  26  2:39  Drone x3  
  26  2:40  Baneling Nest  
  28  2:45  Metabolic Boost  
  28  2:56  Zergling x6  
  29  3:11  Zergling x4  
  28  3:24  Baneling x3  
  28  3:25  Baneling  
  28  3:28  Overlord  
  28  3:34  Overlord  
  28  3:42  Roach Warren  
  28  3:46  Zergling x4  
  29  4:08  Queen  
  31  4:13  Drone x3  
  33  4:40  Hatchery  
  33  4:41  Roach x4  
  40  5:00  Drone x2  
  40  5:01  Lair  
  42  5:12  Drone x3  
  45  5:30  Extractor  
  45  5:31  Overlord  
  45  5:34  Overlord  
  44  5:41  Overlord  
  44  5:50  Drone  
  44  5:51  Drone  
  46  5:58  Drone x2  
  46  5:59  Glial Reconstitution  
  46  6:02  Burrow  
  48  6:12  Roach x2  
  48  6:14  Hatchery  
  51  6:19  Drone x3  
  54  6:28  Drone x2  
  54  6:29  Evolution Chamber  
  55  6:40  Roach x2  
  55  6:41  Roach  
  61  6:57  Spine Crawler  
  61  6:59  Baneling  
  61  7:00  Baneling x3  
  60  7:04  Roach x5  
  60  7:05  Roach  
  62  7:30  Drone x8  
  62  7:32  Zerg Missile Weapons Level 1  
  62  7:35  Roach  
  62  7:36  Queen  
  72  7:42  Ravager  
  75  7:44  Drone  
  75  7:45  Drone  
  75  7:47  Extractor x2  
  75  7:52  Roach x2  
  75  7:53  Roach  
  77  8:11  Roach x4  
  78  8:17  Roach x2  
  82  8:20  Overlord x2  
  82  8:21  Spine Crawler  
  82  8:26  Roach x2  
  77  8:33  Roach x4  
  77  8:38  Spine Crawler  
  66  8:47  Roach  
  66  8:48  Roach x2  
  66  8:51  Zergling x2  
  66  8:52  Zergling x10  
  65  9:09  Roach x5  
  58  9:27  Roach x4  
  58  9:28  Roach  
  58  9:34  Roach x2  
  52  9:42  Roach  
Tags
 
Add a new tag
Caveats
  • Supply blocks, unpowered buildings, or Contaminate may cause inaccurate times.
  • Supply counts are checked every 10 seconds.